 Dungeon Crawl Stone Soup version 0.27.1-34-g3ba077fa99 (webtiles) character file.

Game seed: 2411979335460170550

340 Descartes the Ruffian (level 6, -2/55 HPs)
             Began as a Troll Warper on Jan 9, 2022.
             Was a Believer of Nemelex Xobeh.
             Killed from afar by an orc wizard (9 damage)
             ... with a puff of flame
             ... on level 5 of the Dungeon.
             The game lasted 00:08:52 (3432 turns).

Descartes the Ruffian (Troll Warper)                Turns: 3432, Time: 00:08:54

Health: -2/55      AC:  4    Str: 20    XL:     6   Next: 30%
Magic:  7/7        EV: 13    Int: 11    God:    Nemelex Xobeh [**....]
Gold:   172        SH:  0    Dex:  9    Spells: 1/8 levels left

rFire    . . .     SeeInvis .     - Unarmed
rCold    . . .     Faith    .   (no shield)
rNeg     . . .     Spirit   .   a - +0 robe
rPois    .         Reflect  .   (helmet restricted)
rElec    .         Harm     .   (no cloak)
rCorr    .         Rampage  .   (gloves unavailable)
Will     .....                  (boots unavailable)
Stlth    +.........             (no amulet)
HPRegen  1.18/turn              y - +4 ring of evasion
MPRegen  0.10/turn              o - ring of wizardry

@: lethally poisoned (-2 -> -4)
A: large, unfitting armour, claws 3, regeneration 1, shaggy fur 1, tough skin 1
a: Renounce Religion, Draw Escape, Draw Destruction, Draw Summoning


You were on level 5 of the Dungeon.
You worshipped Nemelex Xobeh.
Nemelex Xobeh was pleased with you.
You visited 2 branches of the dungeon, and saw 6 of its levels.

You collected 172 gold pieces.

Inventory:

Hand Weapons
 q - a +0 dagger of flaming
Missiles
 c - 5 boomerangs of dispersal (quivered)
 d - 186 stones
 j - a throwing net
 k - 3 boomerangs
 n - 25 sling bullets
 w - 8 poisoned darts
Armour
 a - a +0 robe (worn)
Magical Staves
 s - a staff of poison
Jewellery
 o - a ring of wizardry (right claw)
 y - a +4 ring of evasion (left claw)
Scrolls
 b - a scroll of blinking
 f - 3 scrolls of teleportation {unknown}
 h - 9 scrolls of identify {unknown}
 i - 2 scrolls of noise {unknown}
 p - a scroll of magic mapping {unknown}
 t - a scroll of fear {unknown}
Potions
 e - a potion of attraction {unknown}
 g - a potion of resistance
 l - a potion of ambrosia
 m - a potion of curing {unknown}
 r - 3 potions of heal wounds {unknown}
 u - a potion of flight {unknown}
 v - a potion of mutation {unknown}
 x - a potion of cancellation {unknown}


   Skills:
 - Level 1.5 Fighting
 + Level 3.0 Throwing
 - Level 1.9 Dodging
 + Level 3.7 Unarmed Combat
 + Level 1.7 Spellcasting
 + Level 3.3 Translocations
 + Level 1.3 Invocations


You had one spell level left.
You knew the following spells:

 Your Spells              Type           Power      Damage    Failure   Level
a - Blink                 Tloc           N/A        N/A       4%          2
b - Manifold Assault      Tloc           8%         N/A       61%         5

Your spell library contained the following spells:

 Spells                   Type           Power      Damage    Failure   Level
 Gell's Gravitas          Tloc           4%         N/A       9%          3
 Lesser Beckoning         Tloc           4%         N/A       9%          3
 Teleport Other           Tloc           8%         N/A       9%          3
 Ignite Poison            Fire/Tmut/Pois 0%         N/A       32%         3
 Mephitic Cloud           Conj/Pois/Air  0%         N/A       32%         3
 Bolt of Magma            Conj/Fire/Erth 0%         4d4       96%         5


Dungeon Overview and Level Annotations

Branches:
Dungeon (5/15)             Temple (1/1) D:4

Altars:
Ashenzari
Cheibriados
Elyvilon
Fedhas
Gozag
Hepliaklqana
Makhleb
Nemelex Xobeh
Okawaru
Qazlal
Ru
Sif Muna
Trog
Wu Jian
Xom
Yredelemnul
Zin
The Shining One

Shops:
D:4 *


Innate Abilities, Weirdness & Mutations

You are too large for most types of armour.
You have claws for hands.
Your natural rate of healing is unusually fast.
You are covered in fur. (AC +1)
You have tough skin. (AC +1)


Message History

The orc wizard hits you but does no damage.
You are poisoned.
The orc hits you but does no damage.
You barely miss the orc wizard.
The orc wizard is severely wounded.
You feel very sick.
The orc wizard points at you and mumbles some strange words.
You resist with some effort. The orc hits you with a +0 club.
You scratch the orc wizard but do no damage.
The orc wizard is severely wounded.
You feel sick.
The orc wizard hits you with a +1 dagger of venom.
You are more poisoned.
The orc barely misses you.
You barely miss the orc wizard.
The orc wizard is severely wounded.
You feel very sick.
The orc wizard hits you but does no damage.
You are more poisoned.
The orc hits you with a +0 club.
You barely miss the orc wizard.
The orc wizard is severely wounded.
You feel very sick. The orc wizard casts a spell at you.
The puff of flame hits you! The orc misses you.
You feel very sick.
You closely miss the orc.
You feel very sick. The orc hits you with a +0 club.
The orc wizard casts a spell at you. The magic dart hits you!
* * * LOW HITPOINT WARNING * * *
You feel very sick.
You claw the orc!
You kill the orc!
You feel sick. The orc wizard casts a spell at you. The puff of flame hits you!
You die...
Your body glows slightly and disappears.

........#
#....#####
######..#
#.....
#..######.#...
#.............
#.#.....#.#.##
#.#.###.#
#.#.# .# #.#.#
.# #.#@# ..
#.#)#####.#
#+#oo.....#
#..o......##
#./.......+
#.........#
#........?#
#?........#
#.........#


You could see an orc wizard and 2 orcs.

Vanquished Creatures
  A water moccasin (D:3)
  A scorpion (D:4)
  7 gnolls
  3 adders
  A worm (D:3)
  3 dart slugs
  5 orcs
  2 endoplasms
  2 giant cockroaches
  6 hobgoblins
  3 jackals (D:2)
  3 quokkas
  3 ball pythons
  5 bats
  4 frilled lizards
  7 goblins
  13 kobolds
  A quokka skeleton (D:4)
  11 rats
81 creatures vanquished.

Notes
Turn   | Place    | Note
-------+----------+-------------------------------------------
     0 | D:1      | Descartes the Troll Warper began the quest for the Orb.
     0 | D:1      | Reached XP level 1. HP: 19/19 MP: 1/1
   115 | D:1      | Reached skill level 1 in Throwing
   237 | D:1      | Reached XP level 2. HP: 23/27 MP: 2/2
   690 | D:2      | Reached XP level 3. HP: 30/33 MP: 3/3
   725 | D:2      | Reached XP level 4. HP: 39/41 MP: 4/4
   804 | D:2      | Found an iron altar of Okawaru.
  1095 | D:2      | Found a faded altar of an unknown god.
  1150 | D:2      | Became a worshipper of Nemelex Xobeh the Trickster
  1150 | D:2      | Reached * piety under Nemelex Xobeh
  1150 | D:2      | Received a gift from Nemelex Xobeh
  1428 | D:3      | Noticed Terence
  1429 | D:3      | Noticed a water moccasin
  1442 | D:2      | Noticed Terence
  1442 | D:2      | Terence changed into Terence the rat
  1443 | D:2      | Killed Terence the rat
  1458 | D:3      | Killed a water moccasin
  1459 | D:3      | Reached skill level 1 in Invocations
  1459 | D:3      | Reached XP level 5. HP: 10/48 MP: 4/6
  2678 | D:4      | Reached ** piety under Nemelex Xobeh
  2783 | D:4      | Found a staircase to the Ecumenical Temple.
  2800 | D:4      | Reached XP level 6. HP: 46/55 MP: 7/7
  2809 | Temple   | Entered the Ecumenical Temple
  2986 | D:4      | Found Tocsiteno's General Store.
  3342 | D:5      | Entered Level 5 of the Dungeon
  3356 | D:5      | Learned a level 2 spell: Blink
  3362 | D:5      | Learned a level 5 spell: Manifold Assault
  3432 | D:5      | Killed from afar by an orc wizard

Illustrated notes

Levels and vault maps discovered:
D:1:      dpeg_arrival_radiant, layout_loops_ring, hex_large, minmay_cupped
D:2:      layout_basic, hellmonk_ecumenical_altar_heavens_door, basic_altar,
          minmay_heptomino_d4
D:3:      layout_basic, chequers_serial_rivers_small_b, uniq_terence
D:4:      layout_basic, minmay_temple_entry_butterflies, nicolae_stop_n_shop_2
D:5:      layout_basic, mainiacjoe_overflow_surrounded_room,
          ebering_ghost_sewer_d
Temple:   compressed_dpeg_circular_temple

Skill      XL: |  1  2  3  4  5  6 |
---------------+-------------------+-----
Throwing       | 1 2 3 |  3.0
Unarmed Combat | 3 |  3.7
Translocations | 3 |  3.3
Invocations    | 1 |  1.3
Fighting       | |  1.5
Dodging        | |  1.9
Spellcasting   | |  1.7

Action                   |  1- 3 |  4- 6 || total
-------------------------+-------+-------++-------
Melee: Unarmed           |    80 |   158 ||   238
       Punch             |     1 |     2 ||     3
Invok: Draw Destruction  |       |     4 ||     4
  Use: Potion            |       |     2 ||     2
Armor: Robe              |    26 |    46 ||    72
Dodge: Dodged            |    40 |    71 ||   111
